 Dungeon Sprint DCSS version 0.22.1-1-ga44c0e56f4 (webtiles) character file.

49 MuseOD the Sneak (level 3, -2/19 HPs)
             Began as a Spriggan Enchanter on Sept 27, 2018.
             Slain by a water elemental (21 damage)
             ... in the Dungeon (Sprint III: "The Ten Rune Challenge").
             The game lasted 00:01:29 (303 turns).

MuseOD the Sneak (Spriggan Enchanter)                Turns: 303, Time: 00:01:29

Health: -2/19      AC:  2    Str:  4    XL:     3   Next: 53%
Magic:  8/8        EV: 18    Int: 17    God:
Gold:   18         SH:  0    Dex: 16    Spells: 4/7 levels left

rFire    . . .     SeeInvis +   a - +1 dagger
rCold    . . .     Gourm    .   (shield restricted)
rNeg     . . .     Faith    .   b - +0 robe
rPois    .         Spirit   .   (helmet restricted)
rElec    .         Reflect  .   (no cloak)
rCorr    .         Harm     .   (gloves unavailable)
MR       .....     NoTele   +   (boots unavailable)
Stlth    ++++......             (no amulet)
HPRegen  0.06/turn              (no ring)
MPRegen  0.11/turn              (no ring)

@: very quick
A: very small, unfitting armour, see invisible, herbivore, speed 3, slow
metabolism 2
a: no special abilities


You were in the Dungeon.
You were not hungry.

You visited 1 branch You collected 18 gold pieces.

Inventory:

Hand Weapons
 a - a +1 dagger (weapon)
Armour
 b - a +0 robe (worn)
 i - a +0 cloak
Wands
 l - a wand of digging (20)
Scrolls
 c - 2 scrolls of identify {unknown}
 j - a scroll of blinking
 k - a scroll of magic mapping {unknown}
 o - a scroll of holy word {unknown}
 p - 2 scrolls of remove curse {unknown}
 r - a scroll of torment {unknown}
 s - 2 scrolls of enchant weapon {unknown}
Potions
 e - a potion of curing
 f - a potion of heal wounds
 g - a potion of haste
 h - 2 potions of magic
 m - 2 potions of cancellation {unknown}
 n - 5 potions of mutation
 q - 3 potions of flight
Comestibles
 d - 3 rations


   Skills:
 + Level 2.6 Fighting
 * Level 5.4 Short Blades
 - Level 3.0 Dodging
 + Level 7.0 Stealth
 - Level 2.6 Spellcasting
 - Level 3.6 Hexes


You had 4 spell levels left.
You knew the following spells:

 Your Spells              Type           Power        Failure   Level  Hunger
a - Corona                Hex            ##.....      4%          1    #......
b - Ensorcelled Hibernat  Hex/Ice        #.....       13%         2    ##.....

Your spell library contained the following spells:

 Spells                   Type           Power        Failure   Level  Hunger
 Confuse                  Hex            ##......     12%         3    ###....
 Tukima's Dance           Hex            ##......     12%         3    ###....
 Dazzling Spray           Conj/Hex       #.....       26%         3    ###....


Dungeon Overview and Level Annotations

Branches:
Dungeon (1/1)

Altars:


Innate Abilities, Weirdness & Mutations

You are very small and have problems with some larger weapons.
You are too small for most types of armour.
You have supernaturally acute eyesight. (SInv)
You are a herbivore.
You cover ground extremely quickly.
You need to consume almost no food.


Message History

Evoke which item? (* to show all) (? for menu, Esc to quit)
Aiming: Dig
Press: ? - help, Shift-Dir - straight line Digging in that direction won't affect any walls.
A stone wall.
Digging in that direction won't affect any walls.
Okay, then.
You open the door.
There is an open door to the Ecumenical Temple here.
Casting: Ensorcelled Hibernation (safe; 13% risk of failure)
Confirm with . or Enter, or press ? or * to list all spells.
You don't know that spell.
There is an open door to the Ecumenical Temple here.
There is a fountain of clear blue water here.
There is a fountain of clear blue water here.
There is a fountain of clear blue water here.
There is an open door to the Ecumenical Temple here.
The water elemental hits you!!
Ouch! That really hurt!
You die...

▓▓▓▓▓▓▓▓ ▓▓▓ <..#...#### ##.#
...#......#####..#
..##.......#..#..#
##p##.##..†#..#..###+#+###+##
##.##.###..##'#..#..........#
#.####.##..###..@'.⌠........#
.###..##..####.E.#...######+#
#.....##..###....#.⌠.#
###†.##...##.....#...#
##..##....#......#+###
#..###..##)#.....# #..#
#..#####....# ▓▓▓▓ ▓▓▓▓
▓▓▓▓▓▓


You could see a water elemental.

Vanquished Creatures
  Crazy Yiuf (D)
  A human (D)
  4 rats (D)
6 creatures vanquished.

Vanquished Creatures (others)
  2 draconian scorchers (D)
  6 hellions (D)
  A yaktaur (D)
  A plant (D)
10 creatures vanquished.

Grand Total: 16 creatures vanquished

Notes
Turn   | Place    | Note
-------+----------+-------------------------------------------
     0 | D        | MuseOD the Spriggan Enchanter began the quest for the Orb.
     0 | D        | Reached XP level 1. HP: 9/9 MP: 5/5
    40 | D        | Killed a yaktaur
    55 | D        | Noticed Crazy Yiuf
    67 | D        | Killed Crazy Yiuf
    67 | D        | Reached skill level 6 in Stealth
    67 | D        | Reached XP level 2. HP: 15/15 MP: 6/6
    67 | D        | Reached XP level 3. HP: 18/18 MP: 8/8
   114 | D        | Killed a hellion
   114 | D        | Killed a hellion
   116 | D        | Killed a hellion
   116 | D        | Killed a hellion
   116 | D        | Killed a hellion
   120 | D        | Learned a level 2 spell: Ensorcelled Hibernation
   123 | D        | Reached skill level 5 in Short Blades
   123 | D        | Reached skill level 7 in Stealth
   156 | D        | Noticed a water elemental
   204 | D        | Killed a hellion
   224 | D        | Killed a white draconian scorcher
   242 | D        | Killed a white draconian scorcher
   303 | D        | Slain by a water elemental

Skill      XL: |  1  2  3 |
---------------+----------+-----
Short Blades   | 4 5 |  5.4
Fighting       | 2 |  2.6
Stealth        | 6 7 |  7.0
Dodging        | |  3.0
Spellcasting   | |  2.6
Hexes          | |  3.6

Action                   || total
-------------------------++-------
Melee: Dagger            ||    12
 Cast: Ensorcelled Hiber ||     1
  Use: Potion            ||     1
 Stab: Sleeping          ||     2
Dodge: Dodged            ||     8
